 Seeded DCSS version 0.30.1-4-g462c640d31 (webtiles) character file.

Game seed: 15660985446129201502 (custom seed)

625 AccursedSamuel the Chopper (level 7, -4/44 HPs)
             Began as a Tengu Monk on Sept 14, 2023.
             Slain by Edmund
             ... wielding a +2 heavy dire flail
              (14 damage)
             ... on level 5 of the Dungeon.
             The game lasted 00:06:58 (3501 turns).

AccursedSamuel the Chopper (Tengu Monk)             Turns: 3501, Time: 00:06:59

Health: -4/44      AC:  2    Str: 13    XL:     7   Next: 47%
Magic:  8/8        EV: 16    Int: 11    God:
Gold:   312        SH:  0    Dex: 16    Spells: 6/6 levels left

rFire   . . .        e - +13 consecrated labrys {holy, Valiant Fragile Fly SInv}
rCold   . . .        d - orb {light}
rNeg    . . .        b - +0 robe
rPois   .            (helmet restricted)
rElec   .            (no cloak)
rCorr   .            (no gloves)
SInv    +            (boots unavailable)
Will    .....        (no amulet)
Stlth   +            (no ring)
HPRegen 0.27/turn    (no ring)
MPRegen 0.11/turn

%: no passive effects
@: flying quickly and evasively, glowing, quick
A: beak, talons 3, nimble flight
a: no special abilities


You were on level 5 of the Dungeon.
You visited 1 branch of the dungeon, and saw 5 of its levels.

You collected 312 gold pieces.

Inventory:

Hand Weapons
 e - the +13 consecrated labrys (weapon) {holy, Valiant Fragile Fly SInv}
   (You acquired it on level 1 of the Dungeon)

   Valiant:   It becomes more powerful as more dangerous foes come into view.
   SInv:      It lets you see invisible.
   Fly:       It grants you flight.
   Fragile:   It will be destroyed if unequipped.
Armour
 b - a +0 robe (worn)
 d - an orb of light (worn)
Wands
 o - a wand of iceblast (2)
Scrolls
 a - a scroll of enchant armour {unknown}
 f - 6 scrolls of teleportation {unknown}
 h - a scroll of noise {unknown}
 j - a scroll of immolation {unknown}
 l - a scroll of fog {unknown}
 m - 2 scrolls of blinking {unknown}
 n - a scroll of torment {unknown}
 q - 2 scrolls of identify {unknown}
Potions
 c - a potion of ambrosia
 g - a potion of curing {unknown}
 i - a potion of degeneration {unknown}
 k - a potion of attraction {unknown}
 p - a potion of flight {unknown}
 r - a potion of lignification {unknown}
 s - a potion of brilliance {unknown}


   Skills:
 + Level 4.3 Fighting
 + Level 6.7(7.2) Axes
 + Level 3.7(5.7) Polearms
 + Level 4.1 Dodging
 + Level 1.7 Stealth


You had 6 spell levels left.
You didn't know any spells.
Your spell library contained the following spells:

 Spells                   Type           Power      Damage    Failure   Level
 Lesser Beckoning         Tloc           0%         N/A       47%         2
 Gell's Gravitas          Tloc           0%         N/A       71%         3
 Ignite Poison            Fire/Tmut/Pois 0%         N/A       71%         3
 Teleport Other           Tloc           0%         N/A       71%         3
 Sticky Flame             Conj/Fire      0%         2d3       98%         4
 Ignition                 Fire           0%         3d3       100%        8


Dungeon Overview and Level Annotations

Branches:
Dungeon (5/15)
 Temple: D:4-7

Altars:
Ru
Wu Jian

Annotations:
D:2 1 runed translucent door, Crazy Yiuf
D:5 Edmund


Innate Abilities, Weirdness & Mutations

You have a beak for a mouth.
You have claws for feet.
Your magical nature lets you fly swiftly and evasively.


Message History

You kill the shadow imp!
You barely miss the ufetubus. The ufetubus misses you.
The ufetubus closely misses you. The ufetubus barely misses you.
The ufetubus closely misses you. The shadow imp closely misses you.
The ufetubus closely misses you. The ufetubus hits you.
You slash the shadow imp!
You kill the shadow imp!
You slash the ufetubus!
You kill the ufetubus!
r - a green potion You now have 309 gold pieces (gained 7).
You now have 312 gold pieces (gained 3).
s - a pink potion Key pressed, stopping explore.
Found a stone staircase leading up.
Found a trident.
Found a stone staircase leading down.
Edmund the Younger comes into view.
He is wielding a +2 heavy dire flail and wearing a +2 chain mail of cold resistance.
Edmund shouts!
Found a viscous emerald potion.
Cleave: e) +13 consecrated labrys {holy, Valiant Fragile Fly SInv}
Press: ? - help, Dir - move target, f - Edmund
Aim: Edmund, wielding a +2 heavy dire flail and wearing a +2 chain mail of cold resistance (haloed, about 10% to evade the +13 consecrated labrys)
You slash Edmund! You claw Edmund, but do no damage.
Edmund is moderately wounded.
Edmund hits you with a +2 heavy dire flail!!
Cleave: e) +13 consecrated labrys {holy, Valiant Fragile Fly SInv}
Press: ? - help, Dir - move target, f/p - Edmund
Aim: Edmund, wielding a +2 heavy dire flail and wearing a +2 chain mail of cold resistance (moderately wounded, haloed, about 10% to evade the +13 consecrated labrys)
You barely miss Edmund. You claw Edmund.
Edmund is moderately wounded.
Edmund hits you with a +2 heavy dire flail!
* * * LOW HITPOINT WARNING * * *
Cleave: e) +13 consecrated labrys {holy, Valiant Fragile Fly SInv}
Press: ? - help, Dir - move target, f/p - Edmund
Aim: Edmund, wielding a +2 heavy dire flail and wearing a +2 chain mail of cold resistance (moderately wounded, haloed, about 10% to evade the +13 consecrated labrys)
You slash Edmund! You peck Edmund, but do no damage.
Edmund is heavily wounded.
Edmund hits you with a +2 heavy dire flail!
You die...

...... ##
..........##>..
..........#...#
.............# ...#
............# #...#
............### ##...#
..............## #...#
...............####...#
......@@....##...##...##
.!..........###.......#.
.....!......# ###.......
............)# ##......
.............# ##..###
.............# #..#
..........<### #..#
ยง..##......# #.## ##.#


You could see Edmund.

Vanquished Creatures
  Sigmund (D:4)
  A scorpion (D:4)
  2 hounds
  3 orc priests
  2 iguanas
  Ijyb (D:4)
  3 adders
  3 shadow imps (D:5)
  A white imp (D:5)
  4 ufetubi
  A worm (D:4)
  3 dart slugs
  10 orcs
  7 endoplasms
  A giant cockroach (D:2)
  7 goblins
  8 hobgoblins
  6 quokkas
  5 ball pythons
  3 bats
  4 frilled lizards
  5 kobolds
  6 rats
  A spectral kobold (D:2)
88 creatures vanquished.

Notes
Turn   | Place    | Note
-------+----------+-------------------------------------------
     0 | D:1      | AccursedSamuel the Tengu Monk began the quest for the Orb.
     0 | D:1      | Reached XP level 1. HP: 14/14 MP: 2/2
    71 | D:1      | Identified a scroll of acquirement
    71 | D:1      | Acquired the +4 consecrated labrys {holy, Valiant Fragile
                  | Fly SInv}
    71 | D:1      | Found the +4 consecrated labrys {holy, Valiant Fragile Fly
                  | SInv}
   185 | D:1      | Reached XP level 2. HP: 19/19 MP: 3/3
   515 | D:1      | Reached skill level 1 in Axes
   525 | D:1      | Reached XP level 3. HP: 19/23 MP: 4/4
   951 | D:2      | Found a faded altar of an unknown god.
  1041 | D:2      | Found a runed translucent door.
  1042 | D:2      | Noticed Crazy Yiuf
  1103 | D:3      | Found an ornate altar of the Wu Jian Council.
  1238 | D:3      | Reached skill level 2 in Axes
  1545 | D:3      | Reached XP level 4. HP: 23/28 MP: 5/5
  1771 | D:3      | Reached skill level 3 in Axes
  1771 | D:3      | Gained mutation: Your magical nature lets you fly swiftly
                  | and evasively. [Tengu growth]
  1771 | D:3      | Reached XP level 5. HP: 30/32 MP: 6/6
  1773 | D:3      | Reached skill level 1 in Stealth
  2099 | D:4      | Reached skill level 4 in Axes
  2271 | D:4      | Reached XP level 6. HP: 31/38 MP: 7/7
  2401 | D:4      | Noticed Ijyb
  2410 | D:4      | Killed Ijyb
  2411 | D:4      | Reached skill level 5 in Axes
  2423 | D:4      | Noticed Sigmund
  2434 | D:4      | Killed Sigmund
  2435 | D:4      | Reached skill level 6 in Axes
  2435 | D:4      | Reached XP level 7. HP: 43/43 MP: 8/8
  3146 | D:5      | Entered Level 5 of the Dungeon
  3298 | D:5      | Found a sacrificial altar of Ru.
  3495 | D:5      | Noticed Edmund
  3501 | D:5      | Slain by Edmund

Illustrated notes

Levels and vault maps discovered:
D:1:      minmay_arrival_pointy, layout_loops_ring, minmay_gold_behind_fungi
D:2:      layout_basic, dreamdust_ecumenical_altar_drowned_temple,
          hangedman_decor_clover_reticule, fountainhead,
          uniq_crazy_yiuf_cottage, uniq_jessica
D:3:      layout_loops_ring, general_overflow_altar, serial_bayou_pond_d
D:4:      layout_basic, nicolae_eternal_life, uniq_ijyb, uniq_sigmund
D:5:      layout_layer_cave, mainiacjoe_overflow_small_starburst,
          elyvilon_altar_1, serial_demonic, serial_demonic_e, serial_demonic_b,
          serial_demonic_e, serial_demonic_a, serial_demonic_e,
          serial_demonic_e, serial_demonic_g, serial_demonic_a,
          serial_demonic_d, serial_demonic_g, uniq_edmund

Skill      XL: |  1  2  3  4  5  6 |
---------------+-------------------+-----
Axes           | 1 2 3 4 6 |  6.7
Stealth        | 1 |  1.7
Fighting       | 4 |  4.3
Dodging        | 4 |  4.1
Polearms       | |  3.7

Action                     |  1- 3 |  4- 6 |  7- 9 || total
---------------------------+-------+-------+-------++-------
  Melee: Spear             |     6 |       |       ||     6
         Labrys            |    45 |    41 |    35 ||   121
         Kick              |     8 |    12 |     9 ||    29
         Peck              |     5 |     5 |     5 ||    15
    Use: Scroll            |     1 |       |       ||     1
 Armour: Robe              |     5 |     2 |     1 ||     8
  Dodge: Dodged            |    32 |    39 |    29 ||   100
